Map: [TLMC14] Blackburn

Players

Rogue - Winner!

  • Race: Zerg Zerg

MarineLorD

  • Race: Terran Terran

Event: DreamHack SC2 Masters 2021 Winter

VOD

Have the link to the VOD?

Description

Time

  • Played on: Nov. 11, 2021, 8:21 a.m.
  • Length: 4:41

All games in this series

Show
View Real Time Build Order
Export as new Build Order

Rogue Zerg - Winner!

Build Orders: Hatch First 

Get SALT Encoding   

  12  0:00  Drone  
  13  0:12  Overlord  
  13  0:17  Drone  
  14  0:30  Drone x2  
  16  0:48  Hatchery  
  15  0:51  Drone  
  15  0:54  Drone  
  17  0:58  Drone  
  18  1:09  Extractor  
  17  1:13  Spawning Pool  
  17  1:16  Drone  
  17  1:20  Drone  
  18  1:28  Drone  
  19  1:38  Drone  
  20  1:49  Drone  
  21  2:00  Queen x2  
  21  2:01  Zergling x4  
  27  2:13  Zergling x2  
  28  2:16  Roach Warren  
  28  2:18  Overlord  
  28  2:22  Extractor  
  27  2:33  Overlord  
  27  2:35  Drone x2  
  28  2:38  Overlord  
  28  3:05  Roach x6  
  39  3:09  Roach  
  39  3:10  Roach  
  43  3:14  Drone  
  44  3:21  Drone x3  
  47  3:31  Drone  
  47  3:32  Drone  
  49  3:35  Overlord  
  48  3:43  Drone  
  48  3:47  Overlord  
  48  3:48  Ravager  
  49  3:57  Drone x2  
  49  4:00  Hatchery  
  50  4:03  Ravager  
  50  4:08  Drone x3  
  54  4:12  Drone x2  
  54  4:16  Drone x2  
  58  4:18  Drone  
  58  4:23  Drone x2  
  61  4:35  Ravager  
Show
View Real Time Build Order
Export as new Build Order

MarineLorD Terran 

Build Orders: Reaper Expand 

Get SALT Encoding   

  12  0:00  SCV  
  13  0:12  SCV  
  14  0:17  Supply Depot  
  14  0:24  SCV  
  15  0:38  SCV  
  15  0:40  Barracks  
  16  0:44  Refinery  
  16  0:50  SCV  
  17  1:03  SCV  
  18  1:15  SCV  
  19  1:27  Reaper, Orbital Command  
  20  1:43  Command Center  
  20  1:52  SCV  
  20  1:54  Supply Depot  
  21  1:59  Marine  
  22  2:04  SCV  
  23  2:17  Factory, SCV  
  24  2:26  Barracks Reactor  
  24  2:29  SCV  
  25  2:41  SCV  
  26  2:45  Command Center  
  26  2:55  Orbital Command  
  26  2:56  SCV  
  27  3:01  Hellion  
  27  3:03  Marine x2  
  31  3:10  SCV  
  31  3:20  Starport  
  31  3:23  Refinery  
  31  3:25  SCV  
  32  3:36  SCV  
  32  3:37  SCV  
  32  3:40  Barracks Tech Lab  
  34  3:47  Supply Depot  
  34  3:49  Hellion x2, Bunker  
  34  3:52  SCV  
  34  3:53  SCV  
  40  3:59  Orbital Command  
  38  4:06  Marauder  
  38  4:13  SCV  
  38  4:15  Widow Mine  
  42  4:18  Widow Mine  
  42  4:21  SCV  
  44  4:25  SCV  

Tags
 
Add a new tag
Caveats
  • Supply blocks, unpowered buildings, or Contaminate may cause inaccurate times.
  • Supply counts are checked every 10 seconds.